 Dungeon Sprint DCSS version 0.28-a0-533-g9f97627e2a (webtiles) character file.

Game seed: 9547446352072051929

807 Conn the Arsonist (level 7, -1/43 HPs)
             Began as an Octopode Fire Elementalist on Sept 26, 2021.
             Was a Follower of Sif Muna.
             Killed by an exploding necrophage (38 damage)
             ... ignited by their inner flame
             ... in the Dungeon (Sprint III: "The Ten Rune Challenge").
             The game lasted 00:05:46 (874 turns).

Conn the Arsonist (Octopode Fire Elementalist)       Turns: 874, Time: 00:05:46

Health: -1/43      AC:  1    Str:  7    XL:     7   Next: 92%
Magic:  13/18      EV: 15    Int: 20    God:    Sif Muna [*.....]
Gold:   34         SH:  0    Dex: 12    Spells: 9/22 levels left

rFire   . . .      SeeInvis .   m - +1 long sword (holy)
rCold   . . .      Faith    .   (no shield)
rNeg    . . .      Spirit   .   (helmet restricted)
rPois   .          Reflect  .   (no amulet)
rElec   .          Harm     .   (no ring)
rCorr   .          Rampage  .   (no ring)
Will    .....      NoTele   +   (no ring)
Stlth   ++++......              (no ring)
HPRegen 0.14/turn               (no ring)
MPRegen 0.16/turn               (no ring)
                                (no ring)
                                (no ring)

@: no status effects
A: almost no armour, amphibious, 8 rings, camouflage 1, gelatinous body 1,
(nimble swimmer 1), tentacles
a: Renounce Religion, Channel Magic


You were in the Dungeon.
You worshipped Sif Muna.
Sif Muna was aware of your devotion.
You visited 1 branch You collected 34 gold pieces.

Inventory:

Hand Weapons
 f - a +0 dagger
 m - a +1 long sword of holy wrath (weapon)
Magical Staves
 g - a staff of cold
Scrolls
 i - 2 scrolls of holy word {unknown}
 j - 3 scrolls of identify
Potions
 a - 4 potions of curing
 b - a potion of heal wounds
 d - 2 potions of magic
 e - a potion of berserk rage
 h - 2 potions of mutation {unknown}
 k - 2 potions of might
 l - 2 potions of flight {unknown}


   Skills:
 + Level 1.3 Fighting
 + Level 5.9 Dodging
 + Level 6.5 Stealth
 + Level 2.0 Unarmed Combat
 + Level 8.0 Spellcasting
 + Level 7.0 Conjurations
 + Level 1.1 Hexes
 + Level 10.7 Fire Magic


You had 9 spell levels left.
You knew the following spells:

 Your Spells              Type           Power      Damage    Failure   Level
a - Foxfire               Conj/Fire      100%       2x1d9     1%          1
b - Conjure Flame         Conj/Fire      43%        6-21      1%          3
c - Inner Flame           Hex/Fire       31%        N/A       2%          3
d - Flame Wave            Conj/Fire      43%        3d9       2%          4
e - Scorch                Fire           100%       2d10      1%          2

Your spell library contained the following spells:

 Spells                   Type           Power      Damage    Failure   Level
 Ensorcelled Hibernation  Hex/Ice        20%        N/A       10%         2
 Tukima's Dance           Hex            12%        N/A       16%         3
 Spider Form              Tmut/Pois      4%         N/A       26%         3


Dungeon Overview and Level Annotations

Branches:
Dungeon (1/1)

Altars:
Dithmenos
Elyvilon
Kikubaaqudgha
Okawaru
Ru
Sif Muna
Trog
Uskayaw
Vehumet
Wu Jian
Yredelemnul
Zin
The Shining One
Beogh


Innate Abilities, Weirdness & Mutations

You cannot wear most types of armour.
You are amphibious.
You can wear up to eight rings at the same time.
Your skin changes colour to match your surroundings (Stealth+).
Your rubbery body absorbs attacks. (AC +1, EV +1)
((You are camouflaged near water. (Stealth+)))
You have tentacles for arms and can constrict up to eight enemies at once.


Message History

Your foxfire dissipates!
There is an open door to the Ecumenical Temple here.
There is an open door to the Ecumenical Temple here.
You start resting.
Magic restored.
There is an open door to the Ecumenical Temple here.
k - 2 potions of might (gained 1)
There is a fountain of clear blue water here.
There is an open door here.
There is a hide-covered altar of Uskayaw here.
There is an open door here.
You open the door.
A necromancer and a necrophage come into view.
Found a glass wand.
Found three altars.
Casting: Foxfire (safe; 1% risk of failure)
Confirm with . or Enter, or press ? or * to list all spells.
Aiming: Inner Flame (dangerous; 2% risk of failure)
Press: ? - help, Shift-Dir - straight line, f - necrophage
Aim: a necrophage (dormant, chance to affect: 73%)
The necrophage is filled with an inner flame.
Unknown command.
Casting: Inner Flame (dangerous; 2% risk of failure)
Confirm with . or Enter, or press ? or * to list all spells.
You conjure some foxfire!
The necrophage hits you.
Unknown command.
Casting: Foxfire (safe; 1% risk of failure)
Confirm with . or Enter, or press ? or * to list all spells.
You conjure some foxfire!
The foxfire hits the necrophage.
Flame seeps out of the necrophage.
The necrophage is moderately damaged.
The foxfire hits the necrophage.
Flame seeps out of the necrophage.
The necrophage is moderately damaged.
The necrophage is engulfed in blazing flames.
Sif Muna accepts your kill.
The necrophage explodes!
The fiery explosion engulfs your foxfire.
Your foxfire completely resists.
The fiery explosion engulfs you!!!
Ouch! That really hurt!
You die...

▓▓▓ #
##.############
#####..#___#___#__#
.#..#..#...#__.#§p
.#..#..###'#'###○##
.##'#..#.......v@§#
.###...'.⌠......§v#
####...#...######+#
###....#.⌠.#
##.....#...#
#......#'###
.#.....#.[.#
###....#___#
▓▓▓▓▓▓▓▓▓▓


You could see a necromancer (asleep).

Vanquished Creatures
  A deep elf pyromancer (D)
  A necrophage (D)
  A water elemental (D)
  A wizard (D)
  3 humans (D)
  A kobold demonologist (D)
  A phantom (D)
  4 rats (D)
13 creatures vanquished.

Vanquished Creatures (others)
  47 foxfires (D)
47 creatures vanquished.

Grand Total: 60 creatures vanquished

Notes
Turn   | Place    | Note
-------+----------+-------------------------------------------
     0 | D        | Conn the Octopode Fire Elementalist began the quest for the
                  | Orb.
     0 | D        | Reached XP level 1. HP: 11/11 MP: 3/3
    96 | D        | Reached skill level 4 in Fire Magic
    96 | D        | Reached XP level 2. HP: 17/17 MP: 0/5
   171 | D        | Reached XP level 3. HP: 21/21 MP: 2/7
   255 | D        | Learned a level 3 spell: Conjure Flame
   259 | D        | Learned a level 3 spell: Inner Flame
   259 | D        | Noticed a water elemental
   268 | D        | Killed a water elemental
   269 | D        | Reached skill level 6 in Fire Magic
   269 | D        | Reached XP level 4. HP: 27/27 MP: 2/10
   341 | D        | Learned a level 4 spell: Flame Wave
   341 | D        | Found a radiant altar of Vehumet.
   341 | D        | Found a shimmering blue altar of Sif Muna.
   341 | D        | Found an ancient bone altar of Kikubaaqudgha.
   341 | D        | Noticed a wizard
   344 | D        | Killed a wizard
   345 | D        | Noticed a smoke demon
   346 | D        | Reached skill level 7 in Fire Magic
   346 | D        | Reached XP level 5. HP: 26/31 MP: 4/11
   349 | D        | Became a worshipper of Sif Muna the Loreminder
   404 | D        | Found a glowing silver altar of Zin.
   404 | D        | Found a glowing golden altar of the Shining One.
   404 | D        | Found a white marble altar of Elyvilon.
   408 | D        | Learned a level 2 spell: Scorch
   408 | D        | Noticed a deep elf pyromancer
   413 | D        | Killed a deep elf pyromancer
   414 | D        | Reached skill level 5 in Dodging
   414 | D        | Reached skill level 1 in Unarmed Combat
   414 | D        | Reached skill level 10 in Fire Magic
   414 | D        | Reached XP level 6. HP: 24/37 MP: 0/16
   414 | D        | Reached XP level 7. HP: 27/42 MP: 0/17
   525 | D        | Found a hide-covered altar of Uskayaw.
   525 | D        | Found an iron altar of Okawaru.
   525 | D        | Found a bloodstained altar of Trog.
   525 | D        | Found an ornate altar of the Wu Jian Council.
   525 | D        | Noticed a human
   526 | D        | Noticed a human
   561 | D        | Killed a human
   562 | D        | Reached skill level 1 in Fighting
   822 | D        | Killed a human
   822 | D        | Reached * piety under Sif Muna
   823 | D        | Reached skill level 1 in Hexes
   871 | D        | Found a basalt altar of Yredelemnul.
   871 | D        | Found a shadowy altar of Dithmenos.
   871 | D        | Found a sacrificial altar of Ru.
   874 | D        | Killed by an exploding necrophage... ignited by their inner
                  | flame

Illustrated notes

Levels and vault maps discovered:
D:        dungeon_sprint_mu [sprint_mu_entry_cave, sprint_mu_temple_rooms,
          sprint_mu_d1_spiders, sprint_mu_d2_genie, sprint_mu_d3_branching,
          sprint_mu_orc_legion, sprint_mu_elf_gauntlet, sprint_mu_hive_nellie,
          sprint_mu_lair_fedhas, sprint_mu_vaults_butterflies,
          sprint_mu_slime_circle, sprint_mu_swamp_cave, sprint_mu_snake_twists,
          sprint_mu_blade_basic, sprint_mu_crypt_lich, sprint_mu_tomb_spiral,
          sprint_mu_vestibule_basic, sprint_mu_gehenna_hellfire,
          sprint_mu_dis_giant, sprint_mu_tartarus_statrot,
          sprint_mu_cocytus_islands, sprint_mu_zot1]

Skill      XL: |  1  2  3  4  5  6  7 |
---------------+----------------------+-----
Stealth        | 3 4 6 |  6.5
Fire Magic     | 4 6 7 10 | 10.7
Spellcasting   | 3 4 7 8 |  8.0
Conjurations   | 2 3 6 7 |  7.0
Dodging        | 3 5 |  5.9
Unarmed Combat | 1 2 |  2.0
Fighting       | 1 |  1.3
Hexes          | 1 |  1.1

Action                   |  1- 3 |  4- 6 |  7- 9 || total
-------------------------+-------+-------+-------++-------
Melee: Unarmed           |     5 |       |       ||     5
       Constrict         |     2 |       |       ||     2
       Tentacles         |     1 |       |       ||     1
 Cast: Foxfire           |    17 |       |    10 ||    27
       Flame Wave        |       |     3 |       ||     3
       Inner Flame       |       |       |     5 ||     5
  Use: Scroll            |     1 |       |       ||     1
       Potion            |       |       |     1 ||     1
Armor: Skin              |     1 |       |       ||     1
Dodge: Dodged            |     6 |     2 |     3 ||    11

Table legend: (Time is in decaauts)
 A = Elapsed time spent in this place.
 B = Non-inter-level travel time spent in this place.
 C = Inter-level travel time spent in this place.
 D = Time resting spent in this place.
 E = Time spent auto-exploring this place.
 F = Levels seen in this place.
 G = Mean time per level.
                   A        B        C        D        E       F      G
               +--------+--------+--------+--------+--------+-----+--------+
         Total |    856 |    856 |      0 |    544 |      0 |   1 |  856.0 |
       Dungeon |    856 |    856 |      0 |    544 |      0 |   1 |  856.0 |
               +--------+--------+--------+--------+--------+-----+--------+

Top non-repeatable levels by time:
       D: 856 daAuts
